 Dungeon Crawl Stone Soup version 0.30.1-11-g7821555f0a (webtiles) character file.

Game seed: 1541217970795004610

2 KittyFluff the Trooper (level 1, 0/14 HPs)
             Began as a Gargoyle Berserker on Nov 6, 2023.
             Was a Follower of Trog.
             Slain by a gnoll
             ... wielding a +0 spear
              (4 damage)
             ... on level 1 of the Dungeon.
             The game lasted 00:00:20 (47 turns).

KittyFluff the Trooper (Gargoyle Berserker)           Turns: 47, Time: 00:00:21

Health: 0/14       AC:  4    Str: 20    XL:     1   Next: 40%
Magic:  1/1        EV: 11    Int:  7    God:    Trog [*.....]
Gold:   16         SH:  0    Dex:  9    Spells: 0/0 levels left

rFire   . . .        a - +0 mace
rCold   . . .        (no shield)
rNeg    + . .        b - +0 animal skin
rPois   ∞            (no helmet)
rElec   +            (no cloak)
rCorr   .            (no gloves)
SInv    .            (no boots)
Will    .....        (no amulet)
Stlth   +            (no ring)
HPRegen 0.22/turn    (no ring)
MPRegen 0.07/turn

%: no passive effects
@: no status effects
A: sickness immunity, AC +2, negative energy resistance 1, electricity
resistance, torment resistance 1, petrification resistance
a: Renounce Religion, Berserk


You were on level 1 of the Dungeon.
You worshipped Trog.
Trog was aware of your devotion.
You visited 1 branch of the dungeon, and saw 1 of its levels.

You collected 16 gold pieces.

Inventory:

Hand Weapons
 a - a +0 mace (weapon)
Armour
 b - a +0 animal skin (worn)
Scrolls
 c - a scroll of magic mapping {unknown}


   Skills:
 + Level 3.3 Fighting
 * Level 3.0 Maces & Flails
 * Level 2.3 Armour
 - Level 1.5 Dodging


You couldn't memorise any spells.
You didn't know any spells.
Your spell library was empty.

Dungeon Overview and Level Annotations

Branches:
Dungeon (1/15)

Altars:


Innate Abilities, Weirdness & Mutations

You are immune to sickness and miasma.
Your stone body is resilient. (AC +2)
You are immune to poison.
You resist negative energy. (rN+)
You are resistant to electric shocks. (rElec)
You are resistant to unholy torment.
You are immune to petrification.


Message History

You open the door.
Found 16 gold pieces.
Found a stone staircase leading down.
There is an open door here.
A frilled lizard comes into view.
A quokka comes into view.
The frilled lizard hisses angrily.
A rat comes into view.
The quokka twitches its whiskers.
The frilled lizard bites you but does no damage.
You completely miss the frilled lizard.
The frilled lizard bites you but does no damage.
The quokka bites you.
You sock the frilled lizard!
You kill the frilled lizard!
Trog accepts your kill. The quokka bites you.
You sock the quokka!
You kill the quokka!
Trog accepts your kill. The rat closely misses you. The rat bites you.
You thump the rat!
You kill the rat!
Trog accepts your kill.
You see here a frilled lizard corpse.
You now have 16 gold pieces.
You see here a frilled lizard corpse.
Found a scroll labelled CYNLUD TU GUIG, a barding and 6 gold pieces.
A gnoll comes into view. It is wielding a +0 spear.
The gnoll shouts!
You hear a shout!
You see here a scroll labelled CYNLUD TU GUIG.
c - a scroll labelled CYNLUD TU GUIG
Found 17 gold pieces.
The gnoll hits you with a +0 spear.
You barely miss the gnoll. The gnoll hits you with a +0 spear.
* * * LOW HITPOINT WARNING * * *
A hobgoblin comes into view.
You sock the gnoll!
The gnoll is severely wounded.
The gnoll hits you with a +0 spear.
You die...

...........###..
.#+#####†.##.##. #
#..#...# #.
#..'.<.+ #.
#..#...#
#.#####..##.##.
#....##...###..
..#.##.#[##........
#...g.g@..#........
#.#................
#......##......####
##..#..........#
...............#
.....#.........#
$....#.###+###.#
....#. ... # .$##


You could see a gnoll and a hobgoblin.

Vanquished Creatures
  A quokka (D:1)
  A frilled lizard (D:1)
  A rat (D:1)
3 creatures vanquished.

Notes
Turn   | Place    | Note
-------+----------+-------------------------------------------
     0 | D:1      | KittyFluff the Gargoyle Berserker began the quest for the
                  | Orb.
     0 | D:1      | Reached XP level 1. HP: 14/14 MP: 1/1
    47 | D:1      | Slain by a gnoll

Illustrated notes

Levels and vault maps discovered:
D:1:      dpeg_arrival_shelter, layout_basic, lexackson_kobold_supper

Action                     || total
---------------------------++-------
  Melee: Mace              ||     6
 Armour: Animal skin       ||     2
  Dodge: Dodged            ||     1
